 Dungeon Crawl Stone Soup version 0.26-b1-45-g23770d1d51 (webtiles) character file.

Game seed: 3515251085037160258

3233 Zeldest the Cleaver (level 9, -2/79 HPs)
             Began as a Ghoul Wanderer on Jan 7, 2021.
             Was a Believer of Makhleb.
             Slain by a white ugly thing (6 damage)
             ... on level 8 of the Dungeon.
             The game lasted 00:11:06 (7416 turns).

Zeldest the Cleaver (Ghoul Wanderer)                Turns: 7416, Time: 00:11:06

Health: -2/79      AC: 14    Str: 19 (21) XL:     9   Next: 98%
Magic:  12/12      EV:  8    Int:  6 (7)  God:    Makhleb [**....]
Gold:   545        SH:  2    Dex:  6      Spells: 8/8 levels left

rFire    . . .     SeeInvis .   t - +0 war axe
rCold    + . .     Faith    .   k - +0 buckler
rNeg     + + +     Spirit   .   i - +0 scale mail
rPois    ∞         Reflect  .   (no helmet)
rElec    .         Harm     .   w - scarf {repulsion}
rCorr    .         Rampage  .   g - +0 pair of gloves
Will     .....                  C - +1 pair of boots
Stlth    ..........             v - amulet of regeneration
HPRegen  0.00/turn              p - ring of wizardry
MPRegen  0.13/turn              o - +4 ring of protection

@: mighty, attractive, flying, hasted, repel missiles, very quick
A: claws 1, cold resistance 1, negative energy resistance 3, inhibited
regeneration, torment resistance, unbreathing
a: Renounce Religion, Minor Destruction


You were on level 8 of the Dungeon.
You worshipped Makhleb.
Makhleb was pleased with you.
You visited 2 branches of the dungeon, and saw 9 of its levels.

You collected 545 gold pieces.

Inventory:

Hand Weapons
 a - a +0 hand axe
 t - a +0 war axe (weapon)
Armour
 g - a +0 pair of gloves (worn)
 h - a +1 cloak
 i - a +0 scale mail (worn)
 k - a +0 buckler (worn)
 w - a scarf of repulsion (worn)
 C - a +1 pair of boots (worn)
Jewellery
 o - a +4 ring of protection (right hand)
 p - a ring of wizardry (left hand)
 v - an amulet of regeneration (around neck)
 D - an uncursed amulet of guardian spirit {unknown}
 F - a +4 ring of evasion {unknown}
Wands
 q - a wand of flame (22)
 x - a wand of random effects (18)
 H - a wand of polymorph (6)
 K - a wand of disintegration (11)
 N - a wand of iceblast (9)
 O - a wand of paralysis (13)
 Q - a wand of acid (7)
Scrolls
 b - 5 scrolls of blinking {unknown}
 c - 2 scrolls of magic mapping {unknown}
 d - 6 scrolls of teleportation
 e - a scroll of fear {unknown}
 f - 3 scrolls of random uselessness {unknown}
 l - 10 scrolls of identify {unknown}
 r - 4 scrolls of remove curse {unknown}
 y - a scroll of enchant armour {unknown}
 E - a scroll of fog {unknown}
 G - a scroll of amnesia {unknown}
 I - 2 scrolls of enchant weapon {unknown}
 J - a scroll of summoning {unknown}
Potions
 j - 2 potions of haste
 m - a potion of degeneration {unknown}
 s - a potion of magic
 u - a potion of might
 z - 2 potions of attraction
 A - a potion of ambrosia {unknown}
 B - a potion of berserk rage {unknown}
 L - a potion of lignification {unknown}
 M - 2 potions of flight
 P - a potion of mutation


   Skills:
 + Level 7.6 Fighting
 * Level 8.8 Axes
 - Level 1.0 Bows
 - Level 2.6 Crossbows
 - Level 4.8 Armour
 - Level 1.1 Stealth
 + Level 5.4 Invocations
 - Level 1.0 Evocations


You had 8 spell levels left.
You didn't know any spells.
Your spell library contained the following spells:

 Spells                   Type           Power        Failure   Level
 Animate Skeleton         Necr           0%           65%         1
 Magic Dart               Conj           0%           65%         1
 Pain                     Necr           0%           65%         1
 Blink                    Tloc           N/A          77%         2
 Call Imp                 Summ           0%           77%         2
 Slow                     Hex            0%           77%         2
 Conjure Flame            Conj/Fire      0%           93%         3
 Mephitic Cloud           Conj/Pois/Air  0%           93%         3
 Vampiric Draining        Necr           0%           93%         3
 Animate Dead             Necr           0%           100%        4
 Agony                    Necr           0%           100%        5


Dungeon Overview and Level Annotations

Branches:
Dungeon (8/15)             Temple (1/1) D:4
   Lair: D:8-11

Altars:
Dithmenos
Gozag
Hepliaklqana
Makhleb
Sif Muna
Trog
Uskayaw
Vehumet
The Shining One

Shops:
D:5 [   D:7 (

Annotations:
D:3 1 runed translucent door, Crazy Yiuf
D:6 3 runed translucent doors, Snicker's ghost, novice DsDe; fitz's ghost, novice GrFi


Innate Abilities, Weirdness & Mutations

You thrive by killing the living.
You are immune to poison.
You have sharp fingernails.
Your flesh is cold resistant. (rC+)
You are immune to negative energy. (rN+++)
You do not regenerate when monsters are visible.
You are immune to unholy pain and torment.
You can survive without breathing.


Message History

You slash the white ugly thing!
The white ugly thing is heavily wounded.
You slash the white ugly thing!
The white ugly thing is severely wounded.
The white ugly thing pecks you.
* * * LOW HITPOINT WARNING * * *
The white ugly thing freezes you! You resist.
* * * LOW HITPOINT WARNING * * *
You barely miss the white ugly thing.
The white ugly thing is severely wounded.
The white ugly thing pecks you but does no damage.
It was a potion of mutation.
You feel extremely strange.
Your body decomposes!
You feel weakened.
Your body decomposes!
You feel weakened.
Your body decomposes!
You feel dopey. The white ugly thing pecks you.
You die...

#.. ##.# #.# #.##..#
... .....###.#
#####...#...
.......#..#
.........####
##...#......### #..#
#..###...# .
#@####..# ###.# ...
##u##....####..#
#..#hF#..##..#...###
#..hl.............##
###.##.............##
...#...............#
#####...............#
#........<...)..#
#...............#


You could see a white ugly thing, a bullfrog, an iguana and 2 jackals.

Vanquished Creatures
  Sigmund (D:3)
  2 orc warriors
  3 ice beasts
  3 phantoms
  4 sky beasts
  3 ogres
  2 centaurs
  4 bullfrogs
  A wyvern skeleton (D:7)
  2 scorpions
  2 centaur zombies (D:7)
  2 howler monkeys (D:7)
  A bullfrog skeleton (D:5)
  2 jellies
  4 hounds
  2 orc priests
  7 orc wizards
  A centaur skeleton (D:5)
  An iguana (D:4)
  7 worker ants
  2 howler monkey zombies
  7 gnolls
  9 adders
  2 shadow imps (D:7)
  2 white imps
  An ufetubus (D:7)
  An adder zombie (D:5)
  An adder skeleton (D:6)
  3 worms
  6 dart slugs
  A leopard gecko (D:1)
  33 orcs
  8 bats
  6 giant cockroaches
  6 goblins
  7 hobgoblins
  13 jackals
  8 kobolds
  9 quokkas
  3 ball pythons
  A frilled lizard (D:2)
  A jackal zombie (D:6)
  10 rats
194 creatures vanquished.

Vanquished Creatures (others)
  An orc (D:3)
  5 withered plants (D:6)
6 creatures vanquished.

Grand Total: 200 creatures vanquished

Notes
Turn   | Place    | Note
-------+----------+-------------------------------------------
     0 | D:1      | Zeldest the Ghoul Wanderer began the quest for the Orb.
     0 | D:1      | Zeldest set off with the following items: a +2 hand
                  | crossbow, 22 bolts, a +0 ring mail, a scroll of
                  | teleportation
     0 | D:1      | Reached XP level 1. HP: 16/16 MP: 0/0
   169 | D:1      | Reached XP level 2. HP: 23/23 MP: 1/1
   225 | D:1      | Reached skill level 1 in Axes
   457 | D:1      | Reached XP level 3. HP: 29/29 MP: 2/2
   899 | D:2      | Reached skill level 2 in Axes
   901 | D:2      | Reached XP level 4. HP: 28/36 MP: 3/3
  1302 | D:2      | Reached XP level 5. HP: 42/42 MP: 4/4
  1307 | D:2      | Found a hide-covered altar of Uskayaw.
  1600 | D:3      | Reached skill level 3 in Axes
  1804 | D:3      | Reached XP level 6. HP: 24/51 MP: 5/5
  1810 | D:3      | Noticed an orc warrior
  1832 | D:3      | Killed an orc warrior
  1838 | D:3      | Reached skill level 4 in Axes
  2163 | D:3      | Found a runed translucent door.
  2164 | D:3      | Noticed Crazy Yiuf
  2208 | D:3      | Noticed Sigmund
  2222 | D:3      | Killed Sigmund
  2223 | D:3      | Reached XP level 7. HP: 52/59 MP: 6/6
  2313 | D:3      | Found a glowing golden altar of the Shining One.
  2433 | D:3      | Found a shimmering blue altar of Sif Muna.
  2781 | D:4      | Reached skill level 5 in Axes
  3184 | D:4      | Reached XP level 8. HP: 38/67 MP: 7/7
  3641 | D:4      | Found a staircase to the Ecumenical Temple.
  3657 | D:4      | Reached skill level 5 in Fighting
  3666 | Temple   | Entered the Ecumenical Temple
  3703 | Temple   | Became a worshipper of Makhleb the Destroyer
  3898 | D:5      | Entered Level 5 of the Dungeon
  4043 | D:5      | Reached skill level 1 in Invocations
  4392 | D:5      | Reached skill level 6 in Axes
  4473 | D:5      | Found Syleme's Armour Shoppe.
  4970 | D:6      | Found a radiant altar of Vehumet.
  5300 | D:6      | Reached skill level 7 in Axes
  5405 | D:6      | Found a runed translucent gate.
  5405 | D:6      | Found a runed translucent gate.
  5405 | D:6      | Found a runed translucent gate.
  5406 | D:6      | Noticed fitz's ghost (novice GrFi)
  5407 | D:6      | Noticed Snicker's ghost (novice DsDe)
  5593 | D:6      | Reached XP level 9. HP: 74/75 MP: 10/10
  6232 | D:7      | Reached * piety under Makhleb
  6306 | D:7      | Found an opulent altar of Gozag.
  6583 | D:7      | Found Ribbeam's Weapon Shop.
  6699 | D:7      | Reached skill level 8 in Axes
  7080 | D:7      | Reached skill level 5 in Invocations
  7126 | D:7      | Reached ** piety under Makhleb
  7392 | D:8      | Noticed a white ugly thing
  7416 | D:8      | Slain by a white ugly thing

Illustrated notes

Levels and vault maps discovered:
D:1:      scummos_arrival_gate, layout_loops_ring, minmay_heptomino_l4
D:2:      layout_loops_cross, marbit_many_paths
D:3:      layout_basic, tso_altar, lemuel_blue_sif_altar,
          uniq_crazy_yiuf_cottage, uniq_sigmund
D:4:      layout_loops_ring, minmay_temple_entry_fiery, serial_rivers,
          chequers_serial_rivers_small_3, chequers_serial_rivers_micro_e,
          chequers_serial_rivers_small_a, chequers_serial_rivers_marsh,
          chequers_serial_rivers_room_b, hangedman_abyss_or_decor_stabs
D:5:      layout_cave_pods, serial_shops, kennysheep_mini_moat
D:6:      layout_layer_cave, overflow_temple_1_default, gammafunk_ghost_cemetery
D:7:      minmay_razor_zed, layout_basic, serial_shops, nicolae_shop_trees,
          nicolae_gozag_cash_rules_everything_around_me
D:8:      layout_rooms, grunt_ministairs_4
Temple:   dpeg_five_rooms_temple

Skill      XL: |  1  2  3  4  5  6  7  8  9 |
---------------+----------------------------+-----
Axes           | 1 2 3 4 5 7 8 |  8.8
Armour         | 3 4 |  4.8
Fighting       | 2 3 4 6 7 |  7.6
Invocations    | 3 5 |  5.4
Bows           | |  1.0
Crossbows      | |  2.6
Stealth        | |  1.1
Evocations     | |  1.0

Action                   |  1- 3 |  4- 6 |  7- 9 || total
-------------------------+-------+-------+-------++-------
Melee: Unarmed           |       |    95 |       ||    95
       Hand axe          |       |    83 |   428 ||   511
       War axe           |       |       |   308 ||   308
 Fire: Hand crossbow     |    56 |    81 |       ||   137
Evoke: Wand              |       |     3 |     5 ||     8
  Use: Potion            |       |     2 |     8 ||    10
 Stab: Paralysed         |       |    14 |     7 ||    21
       Invisible         |       |     2 |       ||     2
Armor: Ring mail         |     4 |       |       ||     4
       Scale mail        |       |   114 |   452 ||   566
Dodge: Dodged            |    15 |    98 |   277 ||   390
       Repelled          |       |       |     1 ||     1
Block: Buckler           |       |    22 |    58 ||    80
